Map: Jagannatha LE

Players

MaNa

  • Race: Protoss Protoss

Krystianer - Winner!

  • Race: Protoss Protoss

Event: DreamHack SC2 Masters 2021 Fall

VOD

Have the link to the VOD?

Description

Time

  • Played on: Aug. 8, 2021, 10:28 a.m.
  • Length: 5:23

All games in this series

Show
View Real Time Build Order
Export as new Build Order

MaNa Protoss 

Build Orders:  

Get SALT Encoding   

  12  0:00  Probe  
  13  0:12  Probe  
  14  0:17  Pylon  
  14  0:24  Probe (Chrono Boost)  
  15  0:36  Probe (Chrono Boost)  
  15  0:38  Gateway  
  16  0:44  Probe (Chrono Boost)  
  16  0:47  Assimilator  
  17  0:51  Probe  
  18  1:03  Probe (Chrono Boost)  
  19  1:04  Assimilator  
  19  1:10  Gateway  
  19  1:13  Probe (Chrono Boost)  
  20  1:18  Probe  
  21  1:27  Cybernetics Core  
  21  1:30  Probe  
  22  1:36  Pylon  
  22  1:42  Probe  
  23  2:00  Warp Gate (Chrono Boost)  
  23  2:03  Stalker x2  
  27  2:14  Pylon  
  27  2:33  Stalker x2  
  31  2:37  Robotics Facility  
  31  2:42  Gateway  
  31  3:03  Stalker x2  
  35  3:06  Shield Battery  
  35  3:18  Pylon  
  35  3:25  Warp Prism (Chrono Boost)  
  37  3:48  Stalker x2  
  41  3:52  Stalker  
  43  4:00  Pylon  
  43  4:01  Observer  
  44  4:20  Stalker x2  
  48  4:25  Stalker  
  50  4:32  Pylon  
  50  4:46  Adept x2  
  44  5:10  Stalker x3  
Show
View Real Time Build Order
Export as new Build Order

Krystianer Protoss - Winner!

Build Orders:  

Get SALT Encoding   

  12  0:00  Probe  
  13  0:12  Probe  
  14  0:16  Pylon  
  14  0:24  Probe (Chrono Boost)  
  16  0:36  Gateway, Probe (Chrono Boost)  
  16  0:42  Probe (Chrono Boost)  
  16  0:46  Assimilator  
  17  0:50  Probe  
  17  0:54  Assimilator  
  18  1:03  Probe (Chrono Boost)  
  19  1:07  Gateway  
  20  1:12  Probe (Chrono Boost)  
  20  1:17  Probe (Chrono Boost)  
  20  1:24  Cybernetics Core  
  21  1:29  Probe  
  22  1:35  Pylon  
  22  1:41  Probe  
  23  1:53  Probe  
  24  2:00  Sentry, Stalker  
  28  2:01  Warp Gate  
  28  2:05  Probe  
  29  2:13  Pylon  
  30  2:26  Stalker  
  31  2:31  Sentry  
  33  2:45  Nexus  
  33  2:51  Shield Battery  
  33  2:54  Probe  
  34  2:59  Sentry  
  34  3:05  Stalker  
  38  3:12  Pylon  
  39  3:23  Robotics Facility  
  39  3:31  Gateway  
  38  3:49  Stalker x2  
  38  3:52  Shield Battery  
  44  4:07  Immortal (Chrono Boost)  
  42  4:13  Sentry  
  48  4:18  Stalker  
  48  4:21  Probe  
  48  4:22  Probe  
  52  4:38  Immortal (Chrono Boost)  
  56  4:45  Pylon  
  56  4:50  Probe x2  
  56  4:57  Zealot x2  
  56  5:05  Probe  
  57  5:07  Probe  
  58  5:16  Twilight Council  
  58  5:21  Stalker  

Tags
 
Add a new tag
Caveats
  • Supply blocks, unpowered buildings, or Contaminate may cause inaccurate times.
  • Supply counts are checked every 10 seconds.